 Dungeon Crawl Stone Soup version 0.19.0-19-g8c6edcc (webtiles) character file.

197 Rrauwl the Shield-Bearer (level 5, -2/33 HPs)
             Began as a Gargoyle Fighter on Nov 15, 2016.
             Slain by an orc
             ... wielding a +0 trident
              (6 damage)
             ... on level 4 of the Dungeon.
             The game lasted 00:20:53 (2473 turns).

Rrauwl the Shield-Bearer (Gargoyle Fighter)         Turns: 2473, Time: 00:20:54

Health: -2/33      AC: 13    Str: 24 (25) XL:     5   Next: 75%
Magic:  5/5        EV:  7    Int:  8 (9)  God:
Gold:   157        SH: 10    Dex:  8 (9)  Spells: 0 memorised, 4 levels left

rFire  . . .     SeeInvis .     a - +0 flail
rCold  . . .     Gourm    .     b - +0 scale mail
rNeg   + . .     Faith    .     c - +1 shield
rPois  ∞         Spirit   .     h - +0 helmet
rElec  +         Reflect  .     (no cloak)
rCorr  .         Harm     .     j - +0 pair of gloves
MR     .....                    (no boots)
Stlth  ..........               (no amulet)
                                (no ring)
                                (no ring)

@: mighty
A: negative energy resistance 1, electricity resistance, unbreathing,
petrification resistance, rot immunity, AC +4
a: no special abilities


You were on level 4 of the Dungeon.
You were not hungry.

You visited 1 branch of the dungeon, and saw 4 of its levels.

You collected 157 gold pieces.

Inventory:

Hand Weapons
 a - a +0 flail (weapon)
Missiles
 e - 60 arrows
Armour
 b - a +0 scale mail (worn)
 c - a +1 shield (worn)
 h - a +0 helmet (worn)
 j - a +0 pair of gloves (worn)
Scrolls
 k - 2 scrolls of identify
Books
 l - a book of Minor Magic

   Spells                             Type                      Level
   a - Magic Dart                     Conjuration                  1
   b - Blink                          Translocation                2
   c - Call Imp                       Summoning                    2
   d - Repel Missiles                 Charms/Air                   2
   e - Slow                           Hexes                        2
   f - Conjure Flame                  Conjuration/Fire             3
   g - Mephitic Cloud                 Conjuration/Poison/Air       3
Comestibles
 f - 3 bread rations
 g - 2 chunks of flesh
 i - a meat ration
 m - a slice of pizza


   Skills:
 + Level 4.1 Fighting
 + Level 3.9 Maces & Flails
 + Level 4.1 Armour
 - Level 0.1 Dodging
 - Level 0.2 Stealth
 + Level 4.2 Shields


You had 4 spell levels left.
You didn't know any spells.

Dungeon Overview and Level Annotations

Branches:
Dungeon (4/15)
 Temple: D:4-7

Altars:


Innate Abilities, Weirdness & Mutations

You are resistant to torment.
Your stone body is resilient. (AC +4)
You are immune to poison.
You resist negative energy. (rN+)
You are resistant to electric shocks. (rElec)
You can survive without breathing.
You are immune to petrification.
You are immune to rotting.


Message History

The orc hits the plant but does no damage.
Something hits you but does no damage.
The orc hits the plant with a flail.
You hit something.
Reactivating autopickup.
You feel a bit more experienced.
The orc wizard points at you and mumbles some strange words.
The magic dart hits you!
* * * LOW HITPOINT WARNING * * *
The orc hits the plant but does no damage.
You sock the orc wizard!
You kill the orc wizard!
The orc hits you but does no damage.
You thump the orc!
You kill the orc!
The orc hits you but does no damage. x2
You barely miss the orc. You block the orc's attack.
The orc hits you but does no damage.
You closely miss the orc. You block the orc's attack.
The orc hits you from afar with a trident.
You die...

### #..
#.# #.#
#.# #.#
#@# ##o#
#o.####
#..P≈P##
#..≈≈PP##
#%≈PP≈PP#
#..PP≈PP#
#...P♣≈.#
##.≈P≈≈PP#


You could see 2 orcs.

Vanquished Creatures
  2 orc wizards (D:4)
  Robin (D:2)
  3 gnolls (D:3)
  4 adders
  An ooze (D:1)
  A dart slug (D:2)
  3 leopard geckos (D:3)
  3 orcs
  8 bats
  4 giant cockroaches
  13 goblins
  10 hobgoblins
  3 jackals (D:3)
  4 kobolds
  A quokka (D:3)
  3 frilled lizards
  7 rats (D:1)
71 creatures vanquished.

Notes
Turn   | Place    | Note
-------+----------+-------------------------------------------
     0 | D:1      | Rrauwl the Gargoyle Fighter began the quest for the Orb.
     0 | D:1      | Reached XP level 1. HP: 14/14 MP: 1/1
   104 | D:1      | Reached XP level 2. HP: 9/19 MP: 2/2
   527 | D:1      | Reached XP level 3. HP: 23/23 MP: 3/3
  1075 | D:2      | Noticed Robin
  1126 | D:2      | Killed Robin
  1126 | D:2      | Reached XP level 4. HP: 11/28 MP: 4/4
  1792 | D:3      | Reached XP level 5. HP: 33/33 MP: 5/5
  2473 | D:4      | Slain by an orc

Skill      XL: |  1  2  3  4  5 |
---------------+----------------+-----
Maces & Flails | 3 |  3.9
Shields        | 4 |  4.2
Fighting       | 4 |  4.1
Armour         | 4 |  4.1
Dodging        | |  0.1
Stealth        | |  0.2

Action                   |  1- 3 |  4- 6 || total
-------------------------+-------+-------++-------
Melee: Flail             |   138 |   174 ||   312
  Use: Potion            |     3 |     3 ||     6
       Scroll            |     3 |     4 ||     7
  Eat: Chunk             |     1 |     5 ||     6
Armor: Scale mail        |    78 |   128 ||   206
Dodge: Dodged            |    37 |    61 ||    98
Block: Shield            |    65 |   117 ||   182
